 Dungeon Crawl Stone Soup version 0.30-a0-626-gd6a5dd7a1f (webtiles) character file.

Game seed: 5467566674274089393

92 KennySheep the Stinger (level 4, -1/33 HPs)
             Began as a Demigod Venom Mage on Jan 12, 2023.
             Slain by an orc
             ... wielding a +2 trident of venom
              (9 damage)
             ... on level 3 of the Dungeon.
             The game lasted 00:04:15 (2521 turns).

KennySheep the Stinger (Demigod Venom Mage)         Turns: 2521, Time: 00:04:16

Health: -1/33      AC:  2    Str:  9    XL:     4   Next: 13%
Magic:  5/10       EV: 12    Int: 21    God:
Gold:   81         SH:  0    Dex: 14    Spells: 3/8 levels left

rFire   . . .      SeeInvis .    j - +1 rapier (speed)
rCold   . . .      Faith    .    (no shield)
rNeg    . . .      Spirit   .    a - +0 robe
rPois   .          Reflect  .    (no helmet)
rElec   .          Harm     .    (no cloak)
rCorr   .          Rampage  .    (no gloves)
Will    .....                    (no boots)
Stlth   ++                       (no amulet)
HPRegen 0.25/turn                (no ring)
MPRegen 0.12/turn                (no ring)

@: lethally poisoned (-1 -> -7), very slightly contaminated
A: high MP 1, forlorn, divine attributes
a: no special abilities


You were on level 3 of the Dungeon.
You visited 1 branch of the dungeon, and saw 3 of its levels.

You collected 81 gold pieces.

Inventory:

Hand Weapons
 c - a +0 whip
 e - a +0 long sword
 j - a +1 rapier of speed (weapon)
Armour
 a - a +0 robe (worn)
Scrolls
 d - a scroll of enchant weapon {unknown}
 h - a scroll of fear {unknown}
 i - 2 scrolls of poison {unknown}
 k - a scroll of teleportation {unknown}
 l - a scroll of identify {unknown}
Potions
 b - a potion of magic


   Skills:
 - Level 1.7 Dodging
 - Level 1.7 Stealth
 + Level 2.6 Spellcasting
 - Level 0.8 Transmutations
 * Level 4.2 Poison Magic


You had 3 spell levels left.
You knew the following spells:

 Your Spells              Type           Power      Damage    Failure   Level
a - Sting                 Tmut/Pois      52%        1d5       4%          1
b - Olgreb's Toxic Radia  Pois           20%        N/A       24%         4

Your spell library contained the following spells:

 Spells                   Type           Power      Damage    Failure   Level
 Poisonous Vapours        Pois/Air       22%        N/A       9%          2
 Mephitic Cloud           Conj/Pois/Air  8%         N/A       24%         3


Dungeon Overview and Level Annotations

Branches:
Dungeon (3/15)


Innate Abilities, Weirdness & Mutations

You have an increased reservoir of magic. (+10% MP)
You shall have no god before yourself.
Your divine heritage dramatically boosts your attributes as you level up.


Message History

The sting misses the orc.
The orc barely misses you.
The sting hits the orc.
The orc is poisoned.
The orc is heavily wounded.
The orc hits you from afar with a +2 trident of venom.
You are poisoned.
You feel very sick.
You feel sick.
There is a large open door here.
You closely miss the orc.
The orc is severely wounded.
You feel sick. The orc completely misses you. The orc barely misses you.
You hit the orc but do no damage.
The orc is almost dead.
You feel sick.
The sting misses the orc.
You feel sick.
You kill the orc!
The orc hits you from afar with a +2 trident of venom!
You are more poisoned.
Aiming: Sting (safe; 4% risk of failure)
Press: ? - help, Q - select action Shift-Dir - straight line, f - orc
Aim: an orc, wielding a +2 trident of venom (71% to hit)
You miscast Sting.
You are very lightly contaminated with residual magic.
Nothing appears to happen.
You feel very sick. The orc barely misses you.
Aiming: Sting (safe; 4% risk of failure)
Press: ? - help, Q - select action Shift-Dir - straight line, f/p - orc
Aim: an orc, wielding a +2 trident of venom (71% to hit)
The sting hits the orc.
The orc is poisoned.
The orc is moderately wounded.
You feel sick. The orc closely misses you.
Aiming: Sting (safe; 4% risk of failure)
Press: ? - help, Q - select action Shift-Dir - straight line, f/p - orc
Aim: an orc, wielding a +2 trident of venom (heavily wounded, poisoned, 71% to hit)
You miscast Sting.
Nothing appears to happen.
* * * LOW HITPOINT WARNING * * *
You feel very sick.
The orc hits you from afar with a +2 trident of venom!
You die...

....#######
##........# ######
#......##.# ##....##
#......#.# #.8..8.#
#.....#.# #......#
#....#.# #...o#
#..<#.# # #.##)###
####.##.#
#.##'@##.###...#...#
#......#.'.###..###
#.##''##.###...### #
#.##)### ####.#
#....# ##..# #......
##...# #.8..8.#
##)...#
##....####.....#
########......#


You could see an orc (poisoned).

Vanquished Creatures
  Robin (D:2)
  An adder (D:2)
  A worm (D:2)
  A dart slug (D:2)
  4 orcs (D:3)
  9 ball pythons
  4 endoplasms
  3 giant cockroaches
  8 goblins
  8 hobgoblins
  2 quokkas
  4 bats
  5 frilled lizards
  4 kobolds
  2 rats (D:1)
57 creatures vanquished.

Notes
Turn   | Place    | Note
-------+----------+-------------------------------------------
     0 | D:1      | KennySheep the Demigod Venom Mage began the quest for the
                  | Orb.
     0 | D:1      | Reached XP level 1. HP: 14/14 MP: 5/5
   373 | D:1      | Reached skill level 3 in Poison Magic
   483 | D:1      | Reached XP level 2. HP: 20/20 MP: 5/7
  1412 | D:2      | HP: 1/20 [goblin/+0 dagger[Robin] (3)]
  1419 | D:2      | Reached XP level 3. HP: 19/26 MP: 9/9
  1456 | D:2      | Noticed Robin
  1487 | D:2      | Killed Robin
  1641 | D:2      | Reached skill level 4 in Poison Magic
  2110 | D:2      | Reached XP level 4. HP: 28/33 MP: 8/10
  2115 | D:2      | Learned a level 4 spell: Olgreb's Toxic Radiance
  2521 | D:3      | Slain by an orc

Illustrated notes

Levels and vault maps discovered:
D:1:      shiori_arrival_elements, layout_basic, chequers_serial_rivers_marsh,
          minmay_tetromino_i2
D:2:      layout_loops_cross, serial_rivers, chequers_serial_rivers_large_b,
          chequers_serial_rivers_room_b, chequers_serial_rivers_micro_a,
          chequers_serial_rivers_micro_e, chequers_serial_rivers_small_3,
          basic_altar, uniq_robin
D:3:      layout_basic, lemuel_coloured_pillars_altar,
          yredelemnul_altar_generic, vehumet_altar_wand_db, wad_orctagon,
          uniq_ijyb, uniq_natasha

Skill      XL: |  1  2  3 |
---------------+----------+-----
Poison Magic   | 3 4 |  4.2
Spellcasting   | 2 |  2.6
Dodging        | |  1.7
Stealth        | |  1.7
Transmutations | |  0.8

Action                   |  1- 3 |  4- 6 || total
-------------------------+-------+-------++-------
Melee: Unarmed           |     1 |       ||     1
       Rapier            |    46 |    12 ||    58
       Long sword        |     2 |       ||     2
 Cast: Sting             |    79 |    11 ||    90
  Use: Potion            |     3 |       ||     3
Armor: Robe              |     9 |     1 ||    10
       Skin              |     6 |       ||     6
Dodge: Dodged            |    40 |    13 ||    53

Table legend: (Time is in decaauts)
 A = Elapsed time spent in this place.
 B = Non-inter-level travel time spent in this place.
 C = Inter-level travel time spent in this place.
 D = Time resting spent in this place.
 E = Time spent auto-exploring this place.
 F = Levels seen in this place.
 G = Mean time per level.
                   A        B        C        D        E       F      G
               +--------+--------+--------+--------+--------+-----+--------+
         Total |   2540 |   2444 |     96 |     96 |   1983 |   3 |  846.7 |
       Dungeon |   2540 |   2444 |     96 |     96 |   1983 |   3 |  846.7 |
               +--------+--------+--------+--------+--------+-----+--------+

Top non-repeatable levels by time:
     D:1: 1207 daAuts
     D:2: 1187 daAuts
     D:3: 145 daAuts
